[Event "Late-Titled-Tuesday-Blitz-February-20-2024"]
[Site "Chess.com"]
[Date "2024.02.20"]
[Round "6"]
[White "martinmena"]
[Black "Dinamo3"]
[Result "0-1"]
[WhiteElo "2204"]
[BlackElo "2520"]
[TimeControl "180+1"]
[EndTime "15:06:56 PST"]
[Termination "Dinamo3 won by checkmate"]

1. c4 Nf6 2. Nc3 g6 3. g3 Bg7 4. Bg2 O-O 5. d3 d6 6. Bg5 Nc6 7. Qd2 a5 8. e4 Nd4 9. Nge2 c5 10.
h3 Ne8 11. O-O Nc7 12. Nxd4 cxd4 13. Nd5 Nxd5 14. exd5 Re8 15. Rfe1 Bd7 16. a4 f6 17. Bh6 Qb6 18. Bxg7 Kxg7 19. Qc2 Qb4 20. b3 Ra6 21. f4 Rb6 22. Rab1 Kf7 23. Kf2 Qc5 24. Re2 Rb4 25. Qd1 Qb6 26. Re1 h5 27. Rh1 Rh8 28. h4 Bg4 29. Bf3 Bf5 30. Re1 Qc7 31. Qe2 Qd7 32. Be4 Bg4 33. Bf3 Bf5 34. Kg2 Re8 35. Be4 Bg4 36.
Qd2 Kg7 37. Qf2 Bh3+ 38. Kh2 Rb8 39. Qxd4 b5 40. Qe3 bxa4 41. Bg2 Bxg2 42. Kxg2 R8b7 43. Qe6 Qxe6 44. dxe6 axb3 45. Re2 b2 46. Rexb2 Rxb2+ 47. Rxb2 Rxb2+ 48. Kf3 a4 49. d4 a3 50. c5 dxc5 51.
dxc5 a2 52. c6 a1=Q 53. c7 Qf1+ 54. Ke4 Qe2+ 55. Kd5 Rd2+ 56. Kc6 Qc4+ 57. Kb7 Rb2+ 58. Kc8 Rc2 59. Kd8 Qxc7+ 60. Ke8 Qd6 61. f5 Rc8# 0-1

[Event "Late-Titled-Tuesday-Blitz-February-20-2024"]
[Site "Chess.com"]
[Date "2024.02.20"]
[Round "6"]
[White "ozates"]
[Black "lucliasco"]
[Result "0-1"]
[WhiteElo "2600"]
[BlackElo "2883"]
[TimeControl "180+1"]
[EndTime "15:06:57 PST"]
[Termination "lucliasco won by resignation"]

1. e4 e5 2. Nf3 Nc6 3. Bc4 Nf6 4. d3 Bc5 5. c3 a6 6. a4 d6 7. O-O O-O 8. Nbd2 Be6 9. h3 d5 10. exd5 Bxd5 11. Re1 Re8 12. b4 Ba7 13. Qb3 Bxc4 14. Nxc4 Qxd3 15. Bg5 Nd4 16. Nxd4 Bxd4 17. Bxf6 gxf6 18.
Rac1 Ba7 19. Rcd1 Qf5 20. Ne3 Bxe3 21. Rxe3 Rad8 22. Rg3+ Kf8 23. Rf3 Qe6 24. Qc2 Kg7 25. Rg3+ Kh8 26. Re1 f5 27. Rg5 e4 28. Qe2 Rg8 29. Qh5 Rxg5 30. Qxg5 Rd7 31. Re3 h6 32. Qf4 Rd1+ 33. Kh2 Qd6 34. Kg3 Kg7 35. f3 exf3 36. Rxf3 Qxf4+ 37. Kxf4 Kf6 38. Ke3 Ke5 39. g4 f4+ 40.
Ke2 Rh1 41. Rd3 c6 42. Kf2 Rh2+ 43. Ke1 Ke4 44. Rd7 f3 45. Rxf7 Ke3 46. Re7+ Kf4 47. h4 Kg3 48. Rf7 Rh1+ 49. Kd2 f2 50. g5 hxg5 51.
hxg5 f1=Q 52. Rxf1 Rxf1 53. g6 Rf4 54. Ke3 Rg4 55.
c4 Rxg6 56. Kd4 Rg5 57. b5 axb5 0-1

[Event "Late-Titled-Tuesday-Blitz-February-20-2024"]
[Site "Chess.com"]
[Date "2024.02.20"]
[Round "6"]
[White "lucasran"]
[Black "DonJuan_34"]
[Result "1-0"]
[WhiteElo "2646"]
[BlackElo "2478"]
[TimeControl "180+1"]
[EndTime "15:06:58 PST"]
[Termination "lucasran won on time"]

1. c4 Nf6 2. Nf3 g6 3. Nc3 Bg7 4. d4 d6 5. g3 O-O 6. Bg2 Nbd7 7.
O-O e5 8. b3 Re8 9. e4 exd4 10.
Nxd4 Nc5 11. f3 a5 12. Be3 c6 13. Qd2 Qc7 14. Rad1 Nfd7 15. Kh1 Ne5 16. Qc2 Bd7 17. Nde2 Rad8 18. Rd2 Bc8 19. Rfd1 h5 20. Nd4 Qe7 21. h4 Bf6 22. Kg1 Kh8 23. Nde2 Rg8 24. Nf4 Bg7 25. Kh2 Kh7 26. Rxd6 Rxd6 27. Bxc5 Rgd8 28.
Rxd6 Rxd6 29. Nce2 Qd8 30. Bxd6 Qxd6 31. Nh3 Be6 32.
Ng5+ Kg8 33. Nxe6 Qxe6 34. Nf4 Qd7 35. Qe2 c5 36. Nd5 Nc6 37. Bh3 Qd8 38. Qe3 b6 39. f4 Ne7 40. Bg2 Nxd5 41. cxd5 Bd4 42. Qd3 Qd7 43.
e5 b5 44. d6 a4 45. Bd5 axb3 46. axb3 Kg7 47. b4 Bf2 48. Kg2 c4 49. Qc3 Ba7 50. e6+ 1-0

[Event "Late-Titled-Tuesday-Blitz-February-20-2024"]
[Site "Chess.com"]
[Date "2024.02.20"]
[Round "6"]
[White "K_A_S_T_O_R"]
[Black "The_Straightforward_Rook"]
[Result "0-1"]
[WhiteElo "2779"]
[BlackElo "2489"]
[TimeControl "180+1"]
[EndTime "15:07:00 PST"]
[Termination "The_Straightforward_Rook won by resignation"]

1. e4 c6 2. d4 d5 3. exd5 cxd5 4.
c4 Nf6 5. Nc3 Nc6 6. Bg5 Be6 7. a3 g6 8. Be2 Bg7 9. Bf3 dxc4 10.
Bxf6 Bxf6 11. d5 Qb6 12. Rb1 Ne5 13. Be4 Rd8 14. Nf3 Nxf3+ 15. Qxf3 Bc8 16. O-O O-O 17.
Rfe1 a6 18. Re2 Qc7 19. Rd1 b5 20. Red2 Qb6 21. d6 Bxc3 22. dxe7 Bxd2 23. exf8=Q+ Kxf8 24. Bd5 Be6 25. Rxd2 Bxd5 26. Rxd5 Rxd5 27. Qxd5 Qe6 28.
Qd2 Qe5 29. h3 Kg7 30. g3 a5 31. Kh2 Qc5 32. Kg1 b4 33. axb4 axb4 34. Qc2 c3 35. bxc3 bxc3 36. Kf1 Qd4 37. Ke2 f5 38. Qd3 Qe5+ 39. Qe3 Kf6 40. Qxe5+ Kxe5 41. Kd3 f4 42. g4 h5 43. gxh5 gxh5 44. f3 c2 45. Kxc2 Kd4 46. Kd2 Kc4 47. Kc2 Kd4 48. Kd2 h4 49. Ke2 Kc3 50.
Ke1 Kd3 51. Kf2 Kd2 52. Kf1 Ke3 53. Kg2 Ke2 54. Kg1 Kxf3 55. Kh2 Ke3 56. Kg2 Ke2 57.
Kg1 f3 58. Kh1 f2 59. Kh2 Kf3 0-1

[Event "Late-Titled-Tuesday-Blitz-February-20-2024"]
[Site "Chess.com"]
[Date "2024.02.20"]
[Round "6"]
[White "NoHeThTo"]
[Black "sergiochess83"]
[Result "0-1"]
[WhiteElo "2625"]
[BlackElo "2916"]
[TimeControl "180+1"]
[EndTime "15:07:01 PST"]
[Termination "sergiochess83 won by resignation"]

1. c4 e5 2. Nc3 Nf6 3. g3 c6 4. Nf3 e4 5. Nd4 Qb6 6. Nc2 d5 7. cxd5 cxd5 8. Bg2 Bc5 9. O-O O-O 10. d3 Re8 11.
Bg5 Ng4 12. d4 Bf8 13. Nxd5 Qg6 14. h4 Bd6 15. Nce3 Nc6 16. Nxg4 Bxg4 17. Bf4 Rad8 18. Bxd6 Rxd6 19. Nf4 Qf6 20. d5 Nd4 21. f3 exf3 22. exf3 Bf5 23. Re1 Rxe1+ 24. Qxe1 Rd8 25. Rc1 h6 26. Qf2 Re8 27. Re1 Rc8 28. Rd1 Nb5 29. a4 Nd6 30. Qxa7 Qxb2 31. Qd4 Qxd4+ 32. Rxd4 g5 33.
hxg5 hxg5 34. Ne2 Rc2 35. Kf2 Bd7 36. g4 Kf8 37. Ke3 Ke7 38. f4 gxf4+ 39. Rxf4 Ra2 40. Nc3 Rxg2 41. Rb4 Rxg4 42. Rxg4 Bxg4 43. Kf4 Bd7 44. Ke5 f6+ 45. Kd4 b6 46. Ke3 Kd8 47. Kd4 Kc7 48. Ke3 Kb7 49. Kd4 Ka6 50. Nd1 Bxa4 51. Ne3 Bd7 52. Nc2 Kb7 53. Nb4 Kc7 54. Nc2 Nb5+ 55.
Ke4 Nd6+ 56. Kd4 Kd8 57. Nb4 Ke7 58. Nd3 Bf5 59. Nf4 Bg4 60. Nd3 Kd7 61. Nf4 Bf3 62.
Nd3 Nf5+ 63. Kc4 Be2 0-1

[Event "Late-Titled-Tuesday-Blitz-February-20-2024"]
[Site "Chess.com"]
[Date "2024.02.20"]
[Round "6"]
[White "azikom"]
[Black "NLLO777"]
[Result "0-1"]
[WhiteElo "2646"]
[BlackElo "2528"]
[TimeControl "180+1"]
[EndTime "15:07:10 PST"]
[Termination "NLLO777 won by resignation"]

1. c4 Nf6 2. Nc3 c5 3. g3 Nc6 4.
Bg2 g6 5. Nf3 Bg7 6. d3 O-O 7.
Bg5 d6 8. Qd2 Re8 9. Bh6 Bh8 10.
O-O Rb8 11. a3 b6 12. b4 Bb7 13. Rab1 Qd7 14. Nd5 Nxd5 15. cxd5 Nd4 16. e4 Nxf3+ 17.
Bxf3 Rec8 18. h4 cxb4 19. axb4 Rc7 20. Qe2 Rc3 21. h5 Ba6 22. Rfd1 Qb5 23. Rdc1 Rbc8 24. Rxc3 Rxc3 25. Bg5 f6 26. Bd2 Rc2 27. hxg6 hxg6 28. Ra1 f5 29. exf5 Bxa1 30. Qe6+ Kh8 31. Qxg6 Rxd2 32.
Qh6+ Kg8 33. Qxd2 Qxd3 34. Qf4 Bf6 35. Bg2 Kf8 36. Qh6+ Ke8 37. Qg6+ Kd8 38. Qg8+ Kc7 39. Qa8 Bb7 40. Qxa7 Qa6 41. Qxa6 Bxa6 42. Be4 Bc4 43. f4 Bc3 44. g4 Bd2 45. Kf2 Bxf4 46. Kf3 Bd2 47.
Kg3 Bxb4 48. g5 Bc3 49. Kg4 b5 50. Kh5 b4 51. Kg6 b3 52. f6 exf6 53. gxf6 Bxf6 54. Kxf6 Kb6 55. Ke6 Kc5 56. Bb1 Bxd5+ 57. Ke7 Bc4 58. Kf6 Kd4 59. Ke7 d5 60. Kd6 Kc3 61. Kc5 Bd3 0-1

[Event "Late-Titled-Tuesday-Blitz-February-20-2024"]
[Site "Chess.com"]
[Date "2024.02.20"]
[Round "6"]
[White "Taran2004"]
[Black "SnekkerAndersen"]
[Result "0-1"]
[WhiteElo "2436"]
[BlackElo "2633"]
[TimeControl "180+1"]
[EndTime "15:07:10 PST"]
[Termination "SnekkerAndersen won by checkmate"]

1. e4 e6 2. d4 d5 3. Nd2 Nf6 4. e5 Nfd7 5. Bd3 c5 6. c3 Nc6 7.
Ne2 cxd4 8. cxd4 f6 9. exf6 Nxf6 10. Nf3 Bd6 11. O-O O-O 12. Bf4 Bxf4 13. Nxf4 Ne4 14.
Nh5 g6 15. Ng3 Ng5 16. Nxg5 Qxg5 17. Bb5 Bd7 18. Bxc6 bxc6 19. Qc1 Qf6 20. Qe3 Rab8 21. b3 Rb4 22. Rad1 a5 23. a3 Rb6 24. Qc3 Rfb8 25.
Qxa5 Rxb3 26. Qc7 R3b7 27. Qd6 Qf8 28. Qxf8+ Kxf8 29. Ne2 Ra7 30. Nf4 Rxa3 31. Nd3 Ra2 32. Nc5 Bc8 33. Rb1 Rbb2 34. Rxb2 Rxb2 35. f4 Rd2 36. Ra1 Ke7 37. Ra8 Kd8 38. Nxe6+ Kd7 39. Nc5+ Kc7 40. Ra4 Bf5 41. g3 Be4 42. Ra7+ Kc8 43.
Ra4 Kc7 44. h4 Rg2+ 45. Kf1 Rxg3 46. Ra7+ Kc8 47. Rxh7 Rg4 48. Ke2 Bf5 49. Ke3 Rg3+ 50. Ke2 Rh3 51. Rh8+ Kc7 52. Rh7+ Kb6 53. Rb7+ Ka5 54.
Rc7 Kb5 55. Rb7+ Kc4 56. Rc7 Kxd4 57. Rxc6 Rxh4 58. Ne6+ Ke4 59. Nf8 Rh2+ 60. Ke1 Ke3 61. Kf1 Kf3 62. Ke1 Rg2 63. Rd6 Be4 64. Ne6 Ke3 65. Kf1 Rg4 66. Ra6 d4 67. Ra3+ d3 68. Nc5 Bf5 69. Ke1 Rg1# 0-1

[Event "Late-Titled-Tuesday-Blitz-February-20-2024"]
[Site "Chess.com"]
[Date "2024.02.20"]
[Round "6"]
[White "Bugcrusher"]
[Black "egnfanclub"]
[Result "0-1"]
[WhiteElo "2502"]
[BlackElo "2389"]
[TimeControl "180+1"]
[EndTime "15:07:10 PST"]
[Termination "egnfanclub won by resignation"]

1. d4 d5 2. Bf4 Nf6 3. e3 Bf5 4. Nf3 e6 5. c4 Bxb1 6. Rxb1 Bb4+ 7.
Ke2 dxc4 8. Qa4+ Nc6 9. Ne5 Bd6 10. Nxc6 Qd7 11. Bxd6 cxd6 12. Qxc4 Qxc6 13. Qxc6+ bxc6 14. f3 Rb8 15. Kf2 Nd5 16. Bc4 Nb6 17. Rhc1 Nxc4 18.
Rxc4 Kd7 19. b3 Rhc8 20. Rbc1 Rb5 21. Ra4 a5 22. Rac4 Rb4 23. e4 d5 24. exd5 exd5 25. Rc5 a4 26. Ke3 axb3 27. axb3 Rxb3+ 28. R1c3 Rxc3+ 29. Rxc3 Ra8 30. Rb3 Ra7 31. h4 Kd6 32. Rb8 f6 33. h5 Ke6 34. Rh8 h6 35. Rc8 Kd7 36. Rg8 Kd6 37. Kf4 c5 38. Rd8+ Ke6 39.
dxc5 Ra4+ 40. Kg3 Rc4 41. Rd6+ Ke5 42. Rd7 Rxc5 43. Rxg7 d4 44. Re7+ Kf5 45. Rd7 Ke5 46. Re7+ Kf5 47. Rd7 Ke5 48. Rh7 d3 49. Kf2 Kd4 50.
Rd7+ Kc3 51. Rd6 d2 52. f4 Rc7 53. Ke2 Re7+ 54. Kf3 Re1 55. Kg4 d1=Q+ 56. Rxd1 Rxd1 57.
Kf5 Rf1 58. Kxf6 Rxf4+ 59. Kg6 Rg4+ 60. Kxh6 Rxg2 61. Kh7 Kd4 62. h6 Ke5 63. Kh8 Kf6 64. Kh7 Kf7 65. Kh8 Kg6 66. h7 Ra2 0-1

[Event "Late-Titled-Tuesday-Blitz-February-20-2024"]
[Site "Chess.com"]
[Date "2024.02.20"]
[Round "6"]
[White "Perecke"]
[Black "ckgchess"]
[Result "0-1"]
[WhiteElo "2506"]
[BlackElo "2887"]
[TimeControl "180+1"]
[EndTime "15:07:17 PST"]
[Termination "ckgchess won on time"]

1. e4 e5 2. Nf3 Nf6 3. d4 Nxe4 4. dxe5 d5 5. c4 Bb4+ 6. Nbd2 O-O 7. Bd3 Bf5 8. Qc2 Nc6 9. O-O Bxd2 10. Bxd2 Nxd2 11. Qxd2 Bg4 12. cxd5 Bxf3 13. dxc6 Bxc6 14. Qc2 Qh4 15. g3 Qh5 16. Be4 Qxe5 17. Bxc6 bxc6 18. Qxc6 Qxb2 19. Qxc7 Rfc8 20. Qd7 Rd8 21. Qa4 Rd4 22. Rab1 Qxf2+ 23. Rxf2 Rxa4 24. Rb7 Rf8 25. Rc2 g6 26.
Rcc7 a5 27. Rc2 h5 28. Ra7 Rd8 29. Kg2 Rd5 30. Kh3 Rf5 31. Rd2 Kg7 32. Rc7 h4 33. Rc3 hxg3 34. hxg3 Rf1 35. a3 Rf5 36. Rdd3 Re4 37.
Rf3 Rh5+ 38. Kg2 Re2+ 39. Rf2 Re4 40. Rc7 Rf5 41. Rxf5 gxf5 42. Rc5 Ra4 43. Rc3 Kf6 44. Kf3 Kg5 45. Rb3 Rc4 46. Rb5 Rc3+ 47. Kf2 Rxa3 48.
Rc5 a4 49. Rb5 Rb3 50. Ra5 a3 51. Ra4 Rb2+ 52. Kf3 a2 53. Ra5 Kf6 54. Kf4 Ke6 55. Ra6+ Kd5 56. Kxf5 Kc4 57. Kf6 Rf2+ 58. Ke7 Kb3 59. g4 Kb2 60. Rb6+ Kc1 61. Rc6+ Rc2 0-1

[Event "Late-Titled-Tuesday-Blitz-February-20-2024"]
[Site "Chess.com"]
[Date "2024.02.20"]
[Round "6"]
[White "LeninGuerra"]
[Black "Supelyel"]
[Result "1-0"]
[WhiteElo "2581"]
[BlackElo "2399"]
[TimeControl "180+1"]
[EndTime "15:07:17 PST"]
[Termination "LeninGuerra won by resignation"]

1. e4 d6 2. d4 Nf6 3. Nc3 e5 4. Nf3 Nbd7 5. Be2 Be7 6. O-O O-O 7. a4 c6 8. h3 b6 9. Be3 a6 10. Re1 Rb8 11. Bf1 Qc7 12. dxe5 dxe5 13. Nd2 b5 14. axb5 cxb5 15. Nb3 Bb4 16. Bd2 Rd8 17. Bd3 Nc5 18. Nxc5 Bxc5 19. Bg5 Qb6 20. Qf3 Bb7 21. Nd5 Rxd5 22.
exd5 Bxd5 23. Qf5 Be6 24. Qf3 Bd5 25. Qg3 Nh5 26. Qh4 g6 27. Rxe5 Qc6 28. Bf1 f6 29. Rxd5 Qxd5 30. Bh6 Re8 31. Qg4 Qe6 32. Qxe6+ Rxe6 33. Bd2 Rd6 34. Bc3 Kf7 35. Be2 Nf4 36. Bf3 h5 37.
Kf1 g5 38. g3 Nd5 39. Bd2 Kg6 40. Rd1 Ne7 41. Bc3 Rxd1+ 42. Bxd1 Nf5 43. Bd2 Nd4 44. c3 Ne6 45. Bc2+ Kg7 46. Bf5 Nc7 47. Bc8 Bd6 48. Be3 a5 49. Bb6 a4 50. Bd7 b4 51. cxb4 Bxb4 52. Bxc7 a3 53. bxa3 Bxa3 54. Ke2 Bb2 55.
Be8 Kh6 56. g4 hxg4 57. hxg4 Kg7 58. Bd7 Bd4 59. Bf5 Kf8 60. f3 Ke7 61. Kd3 Bg1 62.
Ke4 Bh2 63. Ba5 Bd6 64. Bc3 Bg3 65. Kd5 Bd6 66. Bd4 Ba3 67. Bc5+ 1-0

[Event "Late-Titled-Tuesday-Blitz-February-20-2024"]
[Site "Chess.com"]
[Date "2024.02.20"]
[Round "6"]
[White "BogdanDeac"]
[Black "mbojan"]
[Result "0-1"]
[WhiteElo "3037"]
[BlackElo "2900"]
[TimeControl "180+1"]
[EndTime "15:07:18 PST"]
[Termination "mbojan won by resignation"]

1. d4 g6 2. e4 Nf6 3. e5 Nh5 4. Nf3 d6 5. Bc4 Nc6 6. O-O dxe5 7. d5 Nb8 8. Nxe5 Bg7 9. Qe2 O-O 10. Rd1 Nd7 11. Nf3 Nb6 12. Bb3 a5 13. a4 Bg4 14. h3 Bxf3 15. Qxf3 Nf6 16. Nc3 Qd7 17. Be3 Rad8 18. Rd3 Qc8 19. Re1 Rfe8 20. Bc5 Rd7 21.
Ree3 Qd8 22. g3 h5 23. Kg2 Nc8 24. Bd4 Nd6 25. Be5 Nh7 26. Bxg7 Kxg7 27. Qf4 Nf6 28. Re2 c6 29. dxc6 bxc6 30. Qf3 Nf5 31. Red2 Rxd3 32. Rxd3 Qc7 33. Ne4 Nxe4 34. Qxe4 e6 35. Rd2 c5 36. Bc4 Kg8 37. Bb5 Rd8 38. Rxd8+ Qxd8 39. Qe5 Qe7 40. c3 Qa7 41. Kg1 Kf8 42. Qh8+ Ke7 43. Qe5 Qb6 44.
g4 hxg4 45. hxg4 Nd6 46. c4 Qc7 47. Qg5+ Kf8 48. Qh6+ Ke7 49. Qg5+ Kf8 50. Qf6 Ne4 51. Qh8+ Ke7 52. Kg2 Qf4 53. f3 Qd2+ 54. Kh3 Ng5+ 55.
Kg3 Qe1+ 56. Kf4 Qd2+ 57. Kg3 Qe1+ 58. Kf4 Qc1+ 59. Kg3 Qe3 60. Qd8+ Kxd8 0-1

[Event "Late-Titled-Tuesday-Blitz-February-20-2024"]
[Site "Chess.com"]
[Date "2024.02.20"]
[Round "6"]
[White "Ze-Pequeno"]
[Black "Bala-Afiada"]
[Result "1-0"]
[WhiteElo "2246"]
[BlackElo "1965"]
[TimeControl "180+1"]
[EndTime "15:07:18 PST"]
[Termination "Ze-Pequeno won on time"]

1. e4 c5 2. Nf3 Nc6 3. d4 cxd4 4. Nxd4 Nf6 5. Nc3 d6 6. Bg5 e6 7. Qd2 Nxd4 8. Qxd4 Be7 9. O-O-O O-O 10. f4 Qa5 11. Bc4 Bd7 12. e5 dxe5 13. Qxe5 Qb4 14.
Bb3 Bc6 15. Qe2 h6 16. Bxf6 Qxf4+ 17. Kb1 Bxf6 18. Rhf1 Qe5 19. Qg4 Qg5 20. Qxg5 Bxg5 21. g3 Rad8 22. a4 Rxd1+ 23. Rxd1 Rd8 24. Rxd8+ Bxd8 25. Nb5 Bxb5 26. axb5 b6 27. c4 Bc7 28. Kc2 Kf8 29.
Kd3 Ke7 30. Ke4 Kd6 31. Bd1 f5+ 32. Kd4 e5+ 33. Kd3 Kc5 34. Kc3 e4 35. b4+ Kd6 36.
Kd4 Bd8 37. c5+ bxc5+ 38. bxc5+ Kc7 39. Kd5 Bf6 40. Bh5 Bc3 41. Ke6 Bd4 42. c6 e3 43.
Kxf5 Kb6 44. Be2 Bc5 45. Ke5 Bb4 46. Ke6 Kc7 47. g4 Bc3 48. h3 Bf6 49. Kd5 Bc3 50.
Ke4 Bf6 51. Kxe3 Bg5+ 52. Ke4 Bf6 53. Kd5 Kb6 54. Kd6 Bg5 55. Kd7 Bf4 56. Bd3 Be5 57. Bf1 Bf4 58. h4 Be5 59. Ke6 Bf4 60. Kf7 Be5 61.
Kg6 Bd4 62. Kf5 Bf6 63. g5 hxg5 64. hxg5 Bd4 65. Ke6 Bc3 66. Kd6 Bd2 67. g6 Bf4+ 68. Kd7 Be5 69. Ke6 Bd4 70. Kd5 Be3 71. Ke4 Bf2 72. Kf5 Bg3 73. Ke6 Bf2 74. Kd5 Bg3 75. Ke4 Bf2 76. Kf4 Bd4 77. Be2 Bf6 78. Kf5 Kc7 79. Ke6 Bd4 80. Kd5 Bf6 81. Kc4 Bb2 82. Kb3 Bf6 83. Ka4 Kb6 84. Kb4 Be5 85. Kc4 Bf6 86.
Kd5 Bc3 87. Ke6 1-0

[Event "Late-Titled-Tuesday-Blitz-February-20-2024"]
[Site "Chess.com"]
[Date "2024.02.20"]
[Round "6"]
[White "TigrVShlyape"]
[Black "Mikasinski"]
[Result "1-0"]
[WhiteElo "2927"]
[BlackElo "2679"]
[TimeControl "180+1"]
[EndTime "15:07:21 PST"]
[Termination "TigrVShlyape won on time"]

1. e4 c5 2. Nf3 d6 3. d4 cxd4 4. Nxd4 Nf6 5. Nc3 g6 6. Be2 Nc6 7. Be3 Bg7 8. O-O O-O 9. Qd2 Ng4 10. Bxg4 Bxg4 11. a4 Rc8 12. f3 Bd7 13. Rfc1 Re8 14. Nde2 Qa5 15. Nd1 Qa6 16. Ra3 Red8 17. c4 Be6 18. b3 b6 19. Ndc3 Ne5 20. Ra2 Qb7 21. Nf4 Bxc4 22. bxc4 Nxc4 23. Qe1 e6 24. Bf2 Bh6 25.
Nce2 Ne5 26. Rac2 Rxc2 27. Rxc2 Qa6 28. Qb4 Nd3 29. Nxd3 Qxd3 30. Qb1 d5 31. exd5 Qxd5 32. h4 Qd7 33. Nc3 Bg7 34. Nb5 h5 35. Re2 Bf6 36. Qb3 a6 37. Na3 b5 38. axb5 axb5 39. Qxb5 Qd1+ 40. Re1 Qd2 41. Qe2 Qb4 42. Nc4 Bc3 43. Rc1 Bf6 44. Ne5 Kg7 45. Nc6 Qf4 46. Rd1 Rxd1+ 47.
Qxd1 Bxh4 48. Bxh4 Qxh4 49. Qd4+ Qxd4+ 50. Nxd4 Kf6 51. Kf2 Ke5 52. Ne2 h4 53. Ke3 g5 54. f4+ gxf4+ 55. Nxf4 Kf5 56. Kf3 e5 57. Nd5 e4+ 58. Ke3 Ke5 59. Nf4 Kf5 60. Nh3 Kg4 61. Kf2 e3+ 62. Kxe3 1-0

[Event "Late-Titled-Tuesday-Blitz-February-20-2024"]
[Site "Chess.com"]
[Date "2024.02.20"]
[Round "6"]
[White "czasnaszachy"]
[Black "krzyzan94"]
[Result "1/2-1/2"]
[WhiteElo "2447"]
[BlackElo "2771"]
[TimeControl "180+1"]
[EndTime "15:07:21 PST"]
[Termination "Game drawn - insufficient material"]

1. d4 Nf6 2. c4 e6 3. Nf3 Bb4+ 4. Bd2 Qe7 5. g3 Nc6 6. Nc3 d5 7. cxd5 exd5 8. Bg2 Bg4 9. Bg5 h6 10. Bxf6 Qxf6 11. e3 O-O 12. O-O Bxc3 13. bxc3 Na5 14. h3 Bxf3 15. Qxf3 Qxf3 16. Bxf3 c6 17. Rab1 Rfe8 18.
Be2 Kf8 19. Rfc1 b5 20. Bd3 a6 21. Re1 Re6 22. e4 dxe4 23. Rxe4 Rae8 24. Rxe6 Rxe6 25.
Kf1 Ke7 26. a4 Kd6 27. axb5 axb5 28. Ra1 Nb3 29. Ra7 Re7 30. Ra8 b4 31. cxb4 Nxd4 32. Kg2 Ne6 33. b5 Nc5 34. Bf1 cxb5 35. Bxb5 Ne4 36.
Be2 Rc7 37. Bf3 Nc3 38. Re8 Nb5 39. h4 Re7 40. Rb8 Nc7 41. Rd8+ Ke5 42. h5 Ne6 43. Rg8 Kf6 44. Ra8 Rc7 45. Rb8 Rc2 46. Rb6 Rd2 47. Bg4 Rd5 48. Bxe6 fxe6 49. g4 Rd3 50. f3 Rc3 51.
Kg3 Ra3 52. Rc6 Ra7 53. Rb6 Kf7 54. Rc6 Rd7 55. Rb6 e5 56. Rc6 Rd3 57. Kf2 Ra3 58. Ke2 Ra4 59. Rb6 Rd4 60. Rc6 Ra4 61. Rb6 e4 62. f4 Rc4 63. Ke3 Ra4 64. Rc6 Rb4 65.
g5 hxg5 66. fxg5 Rb5 67. h6 gxh6 68. gxh6 Rh5 69. Kxe4 Kg8 70. Kf4 Kh7 71. Kg4 Rxh6 72.
Rxh6+ Kxh6 1/2-1/2

[Event "Late-Titled-Tuesday-Blitz-February-20-2024"]
[Site "Chess.com"]
[Date "2024.02.20"]
[Round "6"]
[White "Felix-Rose"]
[Black "katharinareinecke"]
[Result "1-0"]
[WhiteElo "2267"]
[BlackElo "1980"]
[TimeControl "180+1"]
[EndTime "15:07:25 PST"]
[Termination "Felix-Rose won by checkmate"]

1. e4 c6 2. d4 d5 3. e5 Bf5 4. h4 h5 5. Bd3 Bxd3 6. Qxd3 e6 7.
Bg5 Qa5+ 8. Nd2 Qa6 9. c4 Be7 10.
Ngf3 Nd7 11. Qc2 O-O-O 12. O-O f6 13. Bf4 fxe5 14. Nxe5 Nxe5 15. Bxe5 Nf6 16. cxd5 exd5 17. a3 Bd6 18. b4 Bxe5 19. dxe5 Ng4 20. Rae1 Kb8 21.
a4 Rde8 22. e6 Rhf8 23. b5 Qb6 24. bxc6 Rxf2 25. c7+ Kc8 26. Kh1 Rxf1+ 27. Rxf1 Nf2+ 28. Kh2 Qd6+ 29. g3 Ng4+ 30. Kh3 Qxe6 31. Qf5 Qxf5 32. Rxf5 Kxc7 33. Rxh5 Nf2+ 34. Kg2 Re2 35. Rxd5 Ne4+ 36. Kf3 Rxd2 37. Re5 Nc5 38. Re7+ Kb6 39. Rxg7 Nxa4 40. h5 Rd3+ 41. Ke4 Rd1 42. h6 Rh1 43. h7 Nc5+ 44. Kf5 Nd3 45. g4 Nf2 46. g5 a5 47.
Rg6+ Kb5 48. Rh6 Rxh6 49. gxh6 a4 50. h8=Q Kb4 51. Qd4+ Kb3 52. Qxf2 a3 53. h7 a2 54. Qe3+ Kb2 55. h8=Q+ Kb1 56. Qb3+ Kc1 57. Qh1+ Kd2 58.
Qg2+ Ke1 59. Qe3+ Kd1 60. Qeg1# 1-0

[Event "Late-Titled-Tuesday-Blitz-February-20-2024"]
[Site "Chess.com"]
[Date "2024.02.20"]
[Round "6"]
[White "Bigfish1995"]
[Black "MarcoRiehle"]
[Result "1/2-1/2"]
[WhiteElo "3159"]
[BlackElo "2866"]
[TimeControl "180+1"]
[EndTime "15:07:26 PST"]
[Termination "Game drawn by stalemate"]

1. e4 e5 2. Nf3 Nf6 3. d4 Nxe4 4.
Nxe5 d6 5. Nd3 d5 6. Nf4 c6 7. Bd3 Bd6 8. O-O O-O 9. c4 Bf5 10. f3 Bxf4 11. Bxf4 Nd6 12. c5 Bxd3 13. Qxd3 Nc8 14.
b4 Nd7 15. Nc3 Re8 16. Rfe1 Ne7 17. Bg5 f6 18. Bf4 Ng6 19. Bd6 Ndf8 20. f4 Qd7 21. f5 Nh8 22. g4 Nf7 23. Bf4 Rxe1+ 24. Rxe1 Re8 25. Rxe8 Qxe8 26. Kf2 h6 27. b5 Ng5 28. h4 Ne4+ 29. Nxe4 dxe4 30. Qc4+ Kh7 31. bxc6 bxc6 32. h5 Nd7 33. Qe6 Qc8 34. Kg3 Qb7 35. Qxe4 Qb2 36.
Be3 Qe2 37. Qf3 Qe1+ 38. Bf2 Qc1 39. Qxc6 Qc3+ 40. Qf3 Qc2 41. Qb3 Qc1 42. Qe6 Qc3+ 43. Kg2 Nb8 44. Qd6 Qb4 45. a3 Qb3 46. c6 Na6 47. d5 Qc4 48. Kh3 Qd3+ 49. Bg3 Qf1+ 50. Kh2 Qe2+ 51. Kg1 Qd1+ 52. Kg2 Qc2+ 53. Kh3 Nc5 54. Qf4 Nd3 55. Qf3 Nc1 56. d6 Ne2 57. Bf2 Qd1 58. Kg2 Qxd6 59. Qxe2 Qxc6+ 60. Qf3 Qd6 61. Bxa7 Qd2+ 62. Bf2 Qa2 63. Qe3 g5 64. Kg3 Qf7 65. Qa7 Kg8 66. Qxf7+ Kh8 67. Bd4 1/2-1/2

[Event "Late-Titled-Tuesday-Blitz-February-20-2024"]
[Site "Chess.com"]
[Date "2024.02.20"]
[Round "6"]
[White "jcibarra"]
[Black "Rashad_Zeynalli"]
[Result "1-0"]
[WhiteElo "2927"]
[BlackElo "2659"]
[TimeControl "180+1"]
[EndTime "15:07:26 PST"]
[Termination "jcibarra won by resignation"]

1. e4 c5 2. Nf3 d6 3. c3 Nf6 4. h3 Nc6 5. Bd3 e6 6. Bc2 Be7 7. O-O O-O 8. Re1 d5 9. e5 Nd7 10. d4 b5 11. Qd3 g6 12. Qxb5 Qc7 13. Qe2 cxd4 14. cxd4 Nb4 15. Nc3 Ba6 16. Qd1 Nxc2 17. Qxc2 Rab8 18. Bg5 Bxg5 19. Nxg5 Qb6 20. Qd2 Qxb2 21.
Qe3 Rbc8 22. Rac1 Qa3 23. Nxd5 Qxe3 24. Nxe3 Bb7 25. Rb1 Nb6 26. h4 Rfd8 27. Red1 Rc3 28. h5 gxh5 29. Nh3 Ra3 30. Rd2 Be4 31. Rc1 Ra4 32. f3 Bg6 33. Rcd1 Nc4 34. Nxc4 Rxc4 35. d5 exd5 36. Rxd5 Rxd5 37. Rxd5 Ra4 38. Rd2 Kg7 39.
Rb2 Bf5 40. Nf2 Be6 41. Ne4 Rxa2 42. Rb7 Ra5 43. Nd6 Rxe5 44. Rxa7 Rd5 45. Ne4 h4 46. Kh2 Rd1 47. Ra4 Rc1 48. Ng5 h3 49. Nxe6+ fxe6 50. Kxh3 Kf6 51. Kg4 Rh1 52. Ra7 h5+ 53. Kf4 Rh2 54. Kg3 Rh1 55. Ra5 h4+ 56.
Kg4 Rg1 57. Ra2 Rh1 58. Re2 Rh2 59. Re1 Rxg2+ 60. Kxh4 Kf5 61. Re4 e5 62. Re1 Rg5 63.
Rxe5+ Kxe5 64. Kxg5 Ke6 65. f4 Kf7 66. Kf5 Ke7 67. Kg6 Kf8 68. Kf6 1-0

[Event "Late-Titled-Tuesday-Blitz-February-20-2024"]
[Site "Chess.com"]
[Date "2024.02.20"]
[Round "6"]
[White "IngOscarArdila"]
[Black "IndianSchoolOfSuffering"]
[Result "0-1"]
[WhiteElo "2261"]
[BlackElo "2434"]
[TimeControl "180+1"]
[EndTime "15:07:27 PST"]
[Termination "IndianSchoolOfSuffering won on time"]

1. d4 Nf6 2. c4 c5 3. dxc5 e6 4. Nf3 Bxc5 5. e3 d5 6. Be2 O-O 7. O-O dxc4 8. Bxc4 a6 9. a4 Nc6 10. Nc3 e5 11. Qxd8 Rxd8 12. Ng5 Rf8 13. Rd1 Be7 14.
Nge4 Bf5 15. Nd6 Bxd6 16. Rxd6 Rfd8 17. Rxd8+ Rxd8 18. f3 e4 19. g4 Bg6 20. g5 Ne5 21. fxe4 Nxe4 22. Be2 Nxg5 23. Kf2 Ne4+ 24. Nxe4 Bxe4 25.
Kg3 Bd3 26. Bd1 Bg6 27. Be2 Nd3 28. Bf3 b6 29. Be2 a5 30. Bf3 h6 31. e4 Nxc1 32. Rxc1 Rd3 33. Kf4 Rb3 34. Rc8+ Kh7 35. Rc2 Rb4 36. h4 h5 37. Rd2 f5 38. Rd6 fxe4 39.
Be2 Rxb2 40. Bb5 Rf2+ 41. Ke3 Rf3+ 42. Ke2 Rf4 43. Rxb6 Rxh4 44. Bc6 Rg4 45. Rb5 h4 46. Bd7 Rg2+ 47. Ke3 Rg3+ 48. Kf4 Rf3+ 49. Kg5 h3 50.
Bg4 Rg3 51. Kf4 Rxg4+ 52. Kxg4 h2 53. Rb1 e3 54. Rh1 Bd3 55. Rxh2+ Kg6 56. Kf3 e2 57.
Rh1 Bc4 58. Kf2 Kf5 59. Rg1 g5 60. Rg3 g4 61. Re3 Kf4 62. Re7 g3+ 63. Ke1 g2 64.
Re8 g1=Q+ 0-1